 Dungeon Crawl Stone Soup version 0.17.0-28-g6e173f8 (webtiles) character file.

25352 Lathuz the Warrior (level 12, -5/121 HPs)
             Began as a Minotaur Fighter on Nov 28, 2015.
             Was the Champion of Okawaru.
             Slain by a golden dragon zombie (9 damage)
             ... on level 1 of the Abyss.
             The game lasted 00:51:03 (15569 turns).

Lathuz the Warrior (Minotaur Fighter)              Turns: 15569, Time: 00:51:05

Health: -5/121     AC: 13    Str: 23      XL:     12   Next: 88%
Magic:  11/11      EV: 11    Int:  4 (5)  God:    Okawaru [******]
Gold:   767        SH: 14    Dex: 12 (13) Spells: 0 memorised, 11 levels left

rFire  . . .     SeeInvis .     Q - +0 morningstar
rCold  . . .     Clarity  .     S - +2 mottled dragon armour
rNeg   . . .     SustAt   .     c - +0 shield
rPois  +         Gourm    .     (helmet restricted)
rElec  .         Spirit   .     m - +0 cloak
rCorr  .         Warding  .     s - +1 pair of gloves
rMut   .         Stasis   .     (no boots)
MR     .....                    (no amulet)
Stlth  +.........               X - ring of poison resistance
                                l - +4 ring of slaying

@: not resistant to hostile enchantments, very unstealthy
A: retaliatory headbutt, horns 2, deterioration 1
a: Heroism, Finesse, Renounce Religion


You were on level 1 of the Abyss.
You worshipped Okawaru.
Okawaru was exalted by your worship.
You were not hungry.

You visited 2 branches of the dungeon, and saw 12 of its levels.
You visited the Abyss 1 time.

You collected 767 gold pieces.

Inventory:

Hand Weapons
 x - a +2 whip of electrocution
 Q - a +0 morningstar (weapon)
 T - a +0 hunting sling of freezing
Missiles
 g - 404 stones (quivered)
 n - 10 javelins
 t - 4 javelins of returning
 L - 8 poisoned tomahawks
Armour
 c - a +0 shield (worn)
 i - a +1 plate armour
 m - a +0 cloak (worn)
 s - a +1 pair of gloves (worn)
 S - a +2 mottled dragon armour (worn)
Jewellery
 e - an uncursed ring of sustain attributes
 h - an uncursed ring of teleportation
 l - a +4 ring of slaying (left hand)
 X - a ring of poison resistance (right hand)
Wands
 b - a wand of polymorph (0)
 k - a wand of frost (42)
 o - a wand of draining (6)
 D - a wand of teleportation (6)
 G - a wand of lightning (10)
 H - a wand of frost (22)
 J - a wand of enslavement (12)
 K - a wand of fireball (5)
 M - a wand of enslavement (14)
 V - a wand of magic darts (24)
 W - a wand of frost (31)
 Y - a wand of fire (11)
 Z - a wand of draining (9)
Scrolls
 q - 2 scrolls of remove curse
 v - 3 scrolls of enchant armour
 y - a scroll of identify
 F - 2 scrolls of fear
 R - a scroll of fog
Potions
 d - 2 potions of might
 f - 2 potions of heal wounds {unknown}
 j - 5 potions of agility
 p - 4 potions of curing
 r - 4 potions of magic
 u - 2 potions of haste {unknown}
 z - 2 potions of brilliance {unknown}
 B - a potion of cancellation {unknown}
 C - a potion of flight {unknown}
 E - a potion of degeneration {unknown}
 P - 3 potions of lignification {unknown}
 U - a potion of invisibility {unknown}
Books
 a - a book of Maledictions

   Spells                             Type                      Level
   a - Corona                         Hexes                        1
   b - Ensorcelled Hibernation        Hexes/Ice                    2
   c - Confuse                        Hexes                        3
   d - Tukima's Dance                 Hexes                        3
   e - Dazzling Spray                 Conjuration/Hexes            3
Comestibles
 w - 3 beef jerkies
 A - 2 meat rations
 I - 11 fruits
 N - 2 bread rations
 O - 2 slices of pizza


   Skills:
 + Level 15.4 Fighting
 - Level 12.0 Maces & Flails
 - Level 7.7 Armour
 + Level 15.4 Shields


You had 11 spell levels left.
You didn't know any spells.

Dungeon Overview and Level Annotations

Branches:
Dungeon (8/15)             Temple (0/1) D:4            Lair (4/8) D:8
  Snake (0/4) Lair:4
  Swamp: Lair:3-6    Shoals: Lair:3-6

Altars:
Elyvilon
Kikubaaqudgha
Okawaru
Trog
Vehumet

Annotations:
D:8 Fannar
Lair:4 Sonja


Innate Abilities, Weirdness & Mutations

You reflexively headbutt those who attack you in melee.
You have a pair of horns on your head.
Your body sometimes deteriorates upon taking damage.


Message History

The golden dragon zombie claws you but does no damage.
The golden dragon zombie tramples you!
* * * LOW HITPOINT WARNING * * *
Quiver which item? (- for none, * to show all) (? for menu, Esc to quit)
Okay, then.
Drink which item? (? for menu, Esc to quit)
It was a potion of curing.
You feel better.
An eidolon comes into view.
You hit the golden dragon zombie.
The golden dragon zombie bites you but does no damage.
The golden dragon zombie claws you.
* * * LOW HITPOINT WARNING * * *
The golden dragon zombie tramples you but does no damage.
You puncture the golden dragon zombie!
You feel yourself growing ill in the presence of the ancient zyme.
You block the golden dragon zombie's attack.
The golden dragon zombie claws you.
* * * LOW HITPOINT WARNING * * *
The golden dragon zombie tramples you!
You die...

#.###... .#
#.##..# ##.
#.##
#...#.#
#.##.# #.#
.# #.# .# #
#.##Z#..###
#/.@.W....#
####.#x.#.#
.# ... .# .
##


You could see an eidolon, an ancient zyme and a golden dragon zombie.

Vanquished Creatures
  2 tentacled starspawn (Abyss:1)
  Gastronok (Lair:1)
  A very ugly thing (Abyss:1)
  A hydra (Lair:3)
  A wretched star (Abyss:1)
  A sun demon (Abyss:1)
  Pikel (D:4)
  A hill giant (D:7)
  4 spiny frogs
  6 black mambas
  The ghost of emiel the Martial Artist, a novice HuMo (D:3)
  8 blink frogs
  A wraith (Abyss:1)
  19 yaks
  Eustachio (D:5)
  3 hippogriffs
  The ghost of cmdexe the Shield-Bearer, an amateur DsFi (D:4)
  A chaos spawn (Abyss:1)
  4 nagas (Lair:4)
  2 insubstantial wisps (Abyss:1)
  9 water moccasins
  3 orc warriors
  2 sky beasts
  7 porcupines
  A slave (D:4)
  10 ice beasts
  3 ogres
  8 crocodiles
  6 centaurs
  2 gnoll sergeants
  8 giant frogs
  A water moccasin zombie (D:5)
  4 scorpions
  9 wights (D:8)
  2 electric eels (Lair:1)
  6 crimson imps
  A hound (D:4)
  5 jellies
  2 giant frog zombies
  An iron imp (Abyss:1)
  2 centaur skeletons
  A centaur zombie (D:5)
  Crazy Yiuf (D:2)
  A gnoll shaman (D:7)
  A quasit (D:5)
  Ijyb (D:2)
  9 iguanas
  6 orc priests
  7 orc wizards
  Terence (D:2)
  Natasha (twice) (D:2)
  5 worker ants
  13 sheep
  A hound zombie (D:7)
  A hound skeleton (D:4)
  27 river rats
  10 adders
  13 gnolls
  A shadow imp (D:6)
  An ufetubus (Abyss:1)
  An ooze (D:3)
  2 worms (D:2)
  2 adder skeletons (D:4)
  An adder zombie (D:5)
  7 giant geckos
  33 orcs
  11 goblins
  7 hobgoblins
  A quokka (D:5)
  A ball python (D:4)
  5 bats
  8 giant cockroaches
  6 giant newts
  6 kobolds
  A quokka skeleton (D:5)
  9 rats
  A plant (D:1)
  A starspawn tentacle (Abyss:1)
357 creatures vanquished.

Vanquished Creatures (others)
  A crimson imp (D:5)
  An orc wizard (D:5)
  A quokka (D:5)
  2 fungi
  6 plants
  5 starspawn tentacles (Abyss:1)
  3 starspawn tentacle segments (Abyss:1)
19 creatures vanquished.

Grand Total: 376 creatures vanquished

Notes
Turn   | Place    | Note
--------------------------------------------------------------
     0 | D:1      | Lathuz the Minotaur Fighter began the quest for the Orb.
     0 | D:1      | Reached XP level 1. HP: 19/19 MP: 0/0
   279 | D:1      | Reached XP level 2. HP: 26/26 MP: 1/1
   766 | D:1      | Reached skill level 4 in Maces & Flails
   993 | D:2      | Reached XP level 3. HP: 26/31 MP: 2/2
  1179 | D:2      | Noticed Terence
  1186 | D:2      | Killed Terence
  1186 | D:2      | Reached skill level 5 in Maces & Flails
  1186 | D:2      | Reached XP level 4. HP: 32/39 MP: 3/3
  1404 | D:2      | Found an ancient bone altar of Kikubaaqudgha.
  1412 | D:2      | Found a bloodstained altar of Trog.
  1458 | D:2      | Noticed Natasha
  1471 | D:2      | Killed Natasha
  1471 | D:2      | Reached skill level 6 in Maces & Flails
  1619 | D:2      | Noticed Ijyb
  1646 | D:2      | Killed Ijyb
  1646 | D:2      | Reached XP level 5. HP: 34/45 MP: 4/4
  1724 | D:2      | Noticed Crazy Yiuf
  1730 | D:2      | Killed Crazy Yiuf
  1814 | D:2      | Noticed Natasha
  1820 | D:2      | Killed Natasha
  1820 | D:2      | Reached skill level 7 in Maces & Flails
  2064 | D:3      | Reached XP level 6. HP: 48/51 MP: 5/5
  2118 | D:3      | Reached skill level 8 in Maces & Flails
  2352 | D:3      | Noticed emiel's ghost (novice HuMo)
  2369 | D:3      | Killed emiel's ghost
  2369 | D:3      | Reached skill level 9 in Maces & Flails
  2369 | D:3      | Reached XP level 7. HP: 39/57 MP: 6/6
  3039 | D:4      | Reached skill level 10 in Maces & Flails
  3335 | D:4      | Found a radiant altar of Vehumet.
  3339 | D:4      | Noticed cmdexe's ghost (amateur DsFi)
  3365 | D:4      | Killed cmdexe's ghost
  3690 | D:4      | Reached skill level 5 in Fighting
  3720 | D:4      | Reached skill level 5 in Shields
  3734 | D:4      | Reached XP level 8. HP: 69/69 MP: 7/7
  3860 | D:4      | Found an iron altar of Okawaru.
  3860 | D:4      | Found a white marble altar of Elyvilon.
  3864 | D:4      | Became a worshipper of Warmaster Okawaru
  4130 | D:4      | Found a staircase to the Ecumenical Temple.
  4268 | D:5      | Entered Level 5 of the Dungeon
  4268 | D:5      | Noticed Pikel
  4313 | D:4      | Killed Pikel
  4313 | D:4      | Reached * piety under Okawaru
  4623 | D:5      | Noticed Eustachio
  4630 | D:5      | Killed Eustachio
  4630 | D:5      | Reached ** piety under Okawaru
  4786 | D:5      | Reached XP level 9. HP: 81/81 MP: 8/8
  5817 | D:6      | Reached skill level 5 in Armour
  5823 | D:6      | Reached skill level 11 in Maces & Flails
  6018 | D:6      | Reached *** piety under Okawaru
  6718 | D:7      | Reached skill level 12 in Maces & Flails
  6919 | D:7      | Noticed a hill giant
  6934 | D:7      | Killed a hill giant
  6934 | D:7      | Reached **** piety under Okawaru
  6934 | D:7      | Reached XP level 10. HP: 38/90 MP: 9/9
  8172 | D:8      | Found a staircase to the Lair.
  8428 | Lair:1   | Entered Level 1 of the Lair of Beasts
  8454 | Lair:1   | Noticed Fannar
  8481 | Lair:1   | Received a gift from Okawaru
  8830 | Lair:1   | Noticed Gastronok
  8831 | Lair:1   | Reached ***** piety under Okawaru
  8831 | Lair:1   | Reached skill level 10 in Fighting
  8839 | Lair:1   | Reached skill level 10 in Shields
  8858 | Lair:1   | Killed Gastronok
  8858 | Lair:1   | Received a gift from Okawaru
  8862 | Lair:1   | Reached XP level 11. HP: 26/102 MP: 10/10
 10041 | Lair:1   | Received a gift from Okawaru
 11021 | Lair:2   | Found a dark tunnel.
 12189 | Lair:2   | Reached skill level 13 in Fighting
 12562 | Lair:3   | Noticed a four-headed hydra
 12573 | Lair:3   | Killed a four-headed hydra
 12930 | Lair:3   | Reached XP level 12. HP: 113/115 MP: 11/11
 13028 | Lair:3   | Found a radiant altar of Vehumet.
 13805 | Lair:4   | Reached skill level 14 in Fighting
 14285 | Lair:4   | Found a staircase to the Snake Pit.
 14353 | Lair:4   | Reached ****** piety under Okawaru
 14892 | Lair:4   | Noticed Sonja
 15059 | Lair:4   | Cast into the Abyss (Sonja)
 15131 | Abyss:1  | Gained mutation: Your body sometimes deteriorates upon taking damage. [a neqoxec]
 15204 | Abyss:1  | Noticed a green very ugly thing
 15225 | Abyss:1  | Killed a green very ugly thing
 15225 | Abyss:1  | Received a gift from Okawaru
 15427 | Abyss:1  | Noticed a tentacled starspawn
 15445 | Abyss:1  | Killed a tentacled starspawn
 15445 | Abyss:1  | Reached skill level 15 in Fighting
 15445 | Abyss:1  | Reached skill level 15 in Shields
 15505 | Abyss:1  | Noticed a tentacled starspawn
 15516 | Abyss:1  | Killed a tentacled starspawn
 15566 | Abyss:1  | HP: 1/121 [golden dragon zombie (10)]
 15568 | Abyss:1  | Noticed an eidolon
 15569 | Abyss:1  | Slain by a golden dragon zombie

Action                   |  1- 3 |  4- 6 |  7- 9 | 10-12 || total
-------------------------+-------+-------+-------+-------++-------
Melee: Flail             |   107 |    62 |    76 |       ||   245
       Unarmed           |       |    20 |       |       ||    20
       Whip              |       |       |   202 |   146 ||   348
       Morningstar       |       |       |       |   413 ||   413
Throw: Stone             |    49 |    84 |   186 |   412 ||   731
  Use: Scroll            |       |     1 |     9 |     9 ||    19
       Potion            |       |       |       |     1 ||     1
  Eat: Chunk             |     1 |     4 |    14 |    12 ||    31
       Bread ration      |       |       |       |     3 ||     3
       Beef jerky        |       |       |       |     2 ||     2
